 Dungeon Crawl Stone Soup version 0.30.1-11-g7821555f0a (webtiles) character file.

Game seed: 11796527822100853460

1603 booth the Chopper (level 8, -1/65 HPs)
             Began as a Demonspawn Monk on Nov 6, 2023.
             Was a Believer of Ashenzari.
             Slain by Maggie
             ... wielding a +2 halberd of flaming
              (2 damage)
             ... on level 6 of the Dungeon.
             The game lasted 00:34:13 (5052 turns).

booth the Chopper (Demonspawn Monk)                 Turns: 5052, Time: 00:34:14

Health: -1/65      AC:  8    Str: 15    XL:     8   Next: 62%
Magic:  8/8        EV: 14    Int: 14    God:    Ashenzari [**....]
Gold:   260        SH:  0    Dex: 16    Spells: 7/7 levels left

rFire   + . .        a - +1 hand axe (flame)
rCold   . . .        (no shield)
rNeg    . . .        b - +0 robe of the Chained Pleiades {rElec Regen+ Str+2 Int+2, Range, Fort} (curse)
rPois   .            (helmet restricted)
rElec   +            v - +2 cloak "I Knew You'd Do That" {Comp, Bglg} (curse)
rCorr   .            (no gloves)
SInv    +            (no boots)
Will    .....        (no amulet)
Stlth   +            l - ring "Restrained Together" {rF+, Self, Evo} (curse)
HPRegen 1.10/turn    (no ring)
MPRegen 0.22/turn

%: no passive effects
@: no status effects
A: horns 2, molten scales 2, spiny 1, magic regeneration
a: Renounce Religion, Curse Item, Shatter the Chains


You were on level 6 of the Dungeon.
You worshipped Ashenzari.
Ashenzari was pleased with you.
You visited 2 branches of the dungeon, and saw 7 of its levels.

You collected 260 gold pieces.

Inventory:

Hand Weapons
 a - a +1 hand axe of flaming (weapon)
 f - a +0 flail of protection
Missiles
 p - 26 poisoned darts (quivered)
Armour
 b - the cursed +0 robe of the Chained Pleiades (worn) {rElec Regen+ Str+2 Int+2, Range, Fort}
   (You found it on level 2 of the Dungeon)

   Str:       It affects your strength (+2).
   Int:       It affects your intelligence (+2).
   rElec:     It insulates you from electricity.
   Regen:     It increases your rate of health regeneration.
   It has a curse which improves the following skills: Ranged Combat: Ranged
   Weapons and Throwing.
   Fortitude: Armour and Shields.
 d - an orb of light
 i - a +0 ring mail
 o - a +0 leather armour
 v - the cursed +2 cloak "I Knew You'd Do That" (worn) {Comp, Bglg}
   (You found it on level 4 of the Dungeon)

   It has a curse which improves the following skills: Companions: Summonings
   and Necromancy.
   Beguiling: Conjurations, Hexes and Translocations.
Jewellery
 l - the cursed ring "Restrained Together" (left hand) {rF+, Self, Evo}
   (You found it on level 1 of the Dungeon)

   [ring of protection from fire]

   rF:        It protects you from fire.
   It has a curse which improves the following skills: Introspection: Fighting
   and Spellcasting.
   Evocations: Evocations.
 t - a ring of positive energy
Scrolls
 j - a scroll of butterflies
 q - 2 scrolls of blinking
 s - 3 scrolls of teleportation
Potions
 c - a potion of ambrosia
 e - a potion of haste
 g - a potion of magic
 h - 2 potions of heal wounds
 k - 2 potions of brilliance
 m - a potion of lignification
 n - 2 potions of flight
 r - 3 potions of curing
 u - a potion of might


   Skills:
 + Level 5.7(6.9) Fighting
 * Level 6.9 Axes
 + Level 4.1(5.2) Throwing
 + Level 5.1 Dodging


You had 7 spell levels left.
You didn't know any spells.
Your spell library contained the following spells:

 Spells                   Type           Power      Damage    Failure   Level
 Inner Flame              Hex/Fire       0%         N/A       63%         3
 Yara's Violent Unravell  Hex/Tmut       0%         3d3       100%        5
 Enfeeble                 Hex            0%         N/A       100%        7


Dungeon Overview and Level Annotations

Branches:
Dungeon (6/15)             Temple (1/1) D:4

Altars:
Ashenzari
Cheibriados
Dithmenos
Gozag
Hepliaklqana
Kikubaaqudgha
Makhleb
Nemelex Xobeh
Okawaru
Qazlal
Ru
Sif Muna
Trog
Uskayaw
Vehumet
Xom
Yredelemnul

Annotations:
D:5 3 runed translucent doors, JimboTheBarbarian's ghost, amateur MiFi
D:6 Maggie


Innate Abilities, Weirdness & Mutations

You have a pair of horns on your head.
You are mostly covered in molten scales. (AC +3)
You are partially covered in sharp spines.
You regenerate magic rapidly.


Message History

You hit Maggie. You burn Maggie. You headbutt Maggie, but do no damage.
Maggie is heavily wounded.
Maggie casts a spell at you. The bolt of fire hits you! You resist.
You hit Maggie. You burn Maggie. Your headbutt misses Maggie.
Maggie is severely wounded.
Maggie points at you and mumbles some strange words.
The bolt of fire misses you.
You barely miss Maggie. Your headbutt misses Maggie.
Maggie is severely wounded.
Maggie is struck by your spines. Maggie misses you.
Throw: 28 darts (poison)
Press: ? - help, Q - select action, (/) - cycle Shift-Dir - straight line, f - Maggie
Aim: Maggie, wielding a +2 halberd of flaming and wearing +0 acid dragon scales (severely wounded, 65% to hit)
You throw a poisoned dart.
The poisoned dart completely misses Maggie.
Maggie mumbles some strange words.
Maggie attempts to bespell you! You resist with almost no effort.
Throw: 27 darts (poison)
Press: ? - help, Q - select action, (/) - cycle Shift-Dir - straight line, f/p - Maggie
Aim: Maggie, wielding a +2 halberd of flaming and wearing +0 acid dragon scales (severely wounded, 65% to hit)
You throw a poisoned dart. The poisoned dart hits Maggie.
Maggie is poisoned.
Maggie is severely wounded.
You hit Maggie. You burn Maggie. Your headbutt misses Maggie.
Maggie is severely wounded.
Maggie drinks a potion.
Maggie is healed!
Maggie looks more healthy.
You slash Maggie! You burn Maggie.
Maggie is almost dead.
Maggie points at you and mumbles some strange words.
The bolt of fire hits you! You resist.
You barely miss Maggie. You headbutt Maggie, but do no damage.
Maggie is almost dead.
Maggie hits you with a +2 halberd of flaming!
* * * LOW HITPOINT WARNING * * *
You closely miss Maggie.
Maggie is almost dead.
Maggie hits you with a +2 halberd of flaming!
* * * LOW HITPOINT WARNING * * *
Maggie burns you.
You die...

#########
* * *
#(..@@..#
* , ,
#.#####.#
* *
#####.# *
, ,..##.#
* #,
#.##.# *
** *
#.##.##.#
#.......#
* **
####.####
# #.##


You could see Maggie.

Vanquished Creatures
  Eustachio (D:4)
  Edmund (D:4)
  2 ice beasts (D:5)
  2 centaurs (D:5)
  2 phantoms
  A kobold brigand (D:6)
  2 scorpions
  2 hounds
  A jelly (D:4)
  A gnoll bouda (D:5)
  4 orc priests
  Jessica (D:2)
  3 iguanas (D:5)
  2 sleepcaps (D:5)
  An orc wizard (D:5)
  7 gnolls
  8 adders
  A white imp (D:6)
  2 worms (D:4)
  4 dart slugs
  9 orcs
  6 ball pythons
  6 bats
  6 endoplasms
  7 giant cockroaches
  5 goblins
  3 hobgoblins
  12 jackals
  7 quokkas
  A ball python zombie (D:3)
  6 frilled lizards
  11 kobolds
  A quokka zombie (D:3)
  7 rats
135 creatures vanquished.

Notes
Turn   | Place    | Note
-------+----------+-------------------------------------------
     0 | D:1      | booth the Demonspawn Monk began the quest for the Orb.
     0 | D:1      | Reached XP level 1. HP: 18/18 MP: 1/1
   135 | D:1      | Gained mutation: You are partially covered in molten
                  | scales. (AC +2) [demonic ancestry]
   135 | D:1      | Reached XP level 2. HP: 11/24 MP: 2/2
   196 | D:1      | Reached skill level 3 in Axes
   453 | D:1      | Gained mutation: You have a pair of small horns on your
                  | head. [demonic ancestry]
   453 | D:1      | Reached XP level 3. HP: 29/29 MP: 3/3
   872 | D:2      | Reached skill level 1 in Throwing
   992 | D:2      | Identified the +0 robe of Vehumet's Indignation {rElec
                  | Regen+ Str+2 Int+2}
  1038 | D:2      | Found a radiant altar of Vehumet.
  1124 | D:2      | Gained mutation: You are mostly covered in molten scales.
                  | (AC +3) [demonic ancestry]
  1124 | D:2      | Reached XP level 4. HP: 35/35 MP: 4/4
  1231 | D:2      | Noticed Jessica
  1241 | D:2      | Killed Jessica
  1580 | D:3      | Found a broken altar of Ashenzari.
  1584 | D:3      | Became a worshipper of Ashenzari the Shackled
  1601 | D:3      | Reached * piety under Ashenzari
  1627 | D:3      | Reached skill level 4 in Axes
  1627 | D:3      | Gained mutation: You regenerate magic rapidly. [demonic
                  | ancestry]
  1627 | D:3      | Reached XP level 5. HP: 33/43 MP: 5/5
  2100 | D:3      | Found a basalt altar of Yredelemnul.
  2141 | D:3      | Found a snail-covered altar of Cheibriados.
  2845 | D:4      | Reached XP level 6. HP: 23/50 MP: 6/6
  3196 | D:4      | Noticed Edmund
  3237 | D:4      | Found a staircase to the Ecumenical Temple.
  3241 | Temple   | Entered the Ecumenical Temple
  3453 | D:4      | Reached ** piety under Ashenzari
  3555 | D:4      | Killed Edmund
  3556 | D:4      | Reached skill level 5 in Axes
  3556 | D:4      | Gained mutation: You have a pair of horns on your head.
                  | [demonic ancestry]
  3556 | D:4      | Reached XP level 7. HP: 42/56 MP: 7/7
  3622 | D:4      | Found a sparkling altar of Nemelex Xobeh.
  3636 | D:4      | Noticed Eustachio
  3668 | D:4      | Killed Eustachio
  3780 | D:5      | Entered Level 5 of the Dungeon
  3875 | D:5      | Reached skill level 5 in Fighting
  3974 | D:5      | Reached skill level 6 in Axes
  4085 | D:5      | Found a bloodstained altar of Trog.
  4169 | D:5      | Gained mutation: You are partially covered in sharp spines.
                  | [demonic ancestry]
  4169 | D:5      | Reached XP level 8. HP: 64/64 MP: 8/8
  4310 | D:5      | Found an opulent altar of Gozag.
  4406 | D:5      | Found a runed translucent gate.
  4406 | D:5      | Found a runed translucent gate.
  4406 | D:5      | Found a runed translucent gate.
  4408 | D:5      | Noticed JimboTheBarbarian's ghost (amateur MiFi)
  4537 | D:5      | Found an ancient bone altar of Kikubaaqudgha.
  4643 | D:5      | Identified the +0 chain mail "Jehos" {Rampage rC+ Str-3}
  4706 | D:5      | Reached skill level 5 in Dodging
  5029 | D:6      | Noticed Maggie
  5052 | D:6      | HP: 1/65 [Maggie/+2 halberd of flaming (12)]
  5052 | D:6      | Slain by Maggie

Illustrated notes

Levels and vault maps discovered:
D:1:      tarquinn_simple_flora_water_e, layout_basic
D:2:      layout_basic, basic_altar, uniq_jessica
D:3:      layout_loops_corners, tso_altar, lemuel_zombie_altar_yredelemnul,
          overflow_temple_1_default, cheibriados_altar_1,
          kennysheep_generic_room_8
D:4:      layout_rooms, mainiacjoe_overflow_24_doors,
          minmay_temple_entry_glassed_door, minmay_misc_feat_four_crosses,
          roderic_serpentine_path, minmay_quantized, uniq_eustachio, uniq_edmund
D:5:      layout_loops_cross, lemuel_tele_altar, lemuel_coloured_pillars_altar,
          mainiacjoe_overflow_paths, ebering_ghost_rock_garden,
          kennysheep_generic_room_5
D:6:      layout_loops_cross, minmay_crystal_room, uniq_maggie
Temple:   bh_familiar_temple

Skill      XL: |  1  2  3  4  5  6  7  8 |
---------------+-------------------------+-----
Axes           | 3 4 5 6 |  6.9
Dodging        | 3 4 5 |  5.1
Throwing       | 1 2 3 4 |  4.1
Fighting       | 4 5 |  5.7

Action                     |  1- 3 |  4- 6 |  7- 9 || total
---------------------------+-------+-------+-------++-------
  Melee: Hand axe          |   123 |   227 |   155 ||   505
         Headbutt          |    14 |    41 |    39 ||    94
         Punch             |       |     2 |     1 ||     3
  Throw: Dart              |       |     8 |    36 ||    44
 Invoke: Curse Item        |       |     3 |       ||     3
    Use: Scroll            |     3 |     5 |     2 ||    10
         Potion            |     1 |       |       ||     1
   Stab: Sleeping          |       |     1 |       ||     1
 Armour: Robe              |    17 |    52 |    47 ||   116
         Leather armour    |    26 |       |       ||    26
  Dodge: Dodged            |    89 |   163 |    96 ||   348
